 Dungeon Crawl Stone Soup version 0.26.1-11-gd32895ea62 (webtiles) character file.

Game seed: 16217350230410935292

19640 Velcatt the Cleaver (level 12, -2/168 HPs)
             Began as a Deep Dwarf Berserker on June 18, 2021.
             Was a High Priest of Trog.
             Shot with a sling bullet by a faun (3 damage)
             ... on level 1 of the Shoals on June 21, 2021.
             The game lasted 01:50:25 (17231 turns).

Velcatt the Cleaver (Deep Dwarf Berserker)         Turns: 17231, Time: 01:50:25

Health: -2/168     AC: 27    Str: 32    XL:     12   Next: 38%
Magic:  7/7        EV: 11    Int:  8    God:    Trog [*****.]
Gold:   676        SH:  5    Dex: 12    Spells: 11/11 levels left

rFire    . . .     SeeInvis .   O - +9 hand axe (freeze)
rCold    + . .     Faith    .   o - +0 buckler
rNeg     . . .     Spirit   .   d - +7 chain mail
rPois    .         Reflect  .   R - +2 helmet
rElec    .         Harm     +   a - scarf {harm}
rCorr    .         Rampage  .   s - +0 pair of gloves
Will     +....                  c - +1 pair of boots
Stlth    ..........             S - amulet of regeneration
HPRegen  0.00/turn              k - +6 ring of strength
MPRegen  0.10/turn              A - ring of protection from cold

@: berserking (expiring), non-regenerating, slowed, glowing
A: damage resistance, heal wounds, sense surroundings 2, no regeneration
a: Heal Wounds, Renounce Religion, Berserk, Trog's Hand, Brothers in Arms


You were on level 1 of the Shoals.
You worshipped Trog.
Trog was extremely pleased with you.
You visited 4 branches of the dungeon, and saw 14 of its levels.

You collected 942 gold pieces.
You spent 266 gold pieces at shops.

Inventory:

Hand Weapons
 b - a +0 battleaxe
 x - a +1 battleaxe
 N - a +2 hand axe of venom
 O - a +9 hand axe of freezing (weapon)
 V - a +0 battleaxe
Armour
 a - a scarf of harm (worn)
 c - a +1 pair of boots (worn)
 d - a +7 chain mail (worn)
 o - a +0 buckler (worn)
 s - a +0 pair of gloves (worn)
 E - a +0 plate armour
 R - a +2 helmet (worn)
Jewellery
 h - a +6 ring of dexterity
 k - a +6 ring of strength (left hand)
 A - a ring of protection from cold (right hand)
 S - an amulet of regeneration (around neck)
 T - a +6 ring of dexterity
Wands
 y - a wand of polymorph (9)
 L - a wand of flame (30)
 M - a wand of random effects (74)
Scrolls
 e - a scroll of noise {unknown}
 g - 2 scrolls of remove curse
 i - a scroll of holy word {unknown}
 m - a scroll of torment {unknown}
 n - 3 scrolls of magic mapping {unknown}
 p - 3 scrolls of fear
 r - 4 scrolls of teleportation {unknown}
 w - 3 scrolls of fog
 C - 2 scrolls of random uselessness
 F - 2 scrolls of blinking {unknown}
 G - 3 scrolls of amnesia {unknown}
 Q - a scroll of enchant weapon
 U - a scroll of identify
Potions
 f - a potion of mutation {unknown}
 j - 6 potions of heal wounds {unknown}
 l - 5 potions of curing
 q - 3 potions of might {unknown}
 t - 4 potions of lignification {unknown}
 u - 5 potions of haste {unknown}
 z - a potion of magic {unknown}
 B - a potion of resistance
 D - 5 potions of attraction {unknown}
 J - 3 potions of degeneration {unknown}
 K - 2 potions of brilliance {unknown}
Miscellaneous
 v - a tin of tremorstones (1/2)
 I - a tin of tremorstones (1/2)


   Skills:
 + Level 8.7 Fighting
 + Level 14.4 Axes
 + Level 12.4 Armour
 + Level 4.3 Dodging
 + Level 3.2 Stealth
 + Level 4.3 Shields
 + Level 1.7 Evocations


You had 11 spell levels left.
You didn't know any spells.
Your spell library contained the following spells:

 Spells                   Type           Power        Failure   Level
 Animate Skeleton         Necr           0%           82%         1
 Apportation              Tloc           0%           82%         1
 Corona                   Hex            0%           82%         1
 Summon Small Mammal      Summ           0%           82%         1
 Lesser Beckoning         Tloc           0%           99%         3
 Tukima's Dance           Hex            0%           99%         3
 Alistair's Intoxication  Tmut/Pois      0%           100%        5
 Invisibility             Hex            0%           100%        6


Dungeon Overview and Level Annotations

Branches:
Dungeon (10/15)            Temple (1/1) D:5            Lair (2/6) D:10
 Shoals (1/4) Lair:2
  Snake: Lair:2-4    Spider: Lair:2-4       Orc: D:9-12

Altars:
Ashenzari
Cheibriados
Dithmenos
Elyvilon
Fedhas
Gozag
Hepliaklqana
Kikubaaqudgha
Makhleb
Nemelex Xobeh
Okawaru
Qazlal
Ru
Sif Muna
Trog
Uskayaw
Vehumet
Wu Jian
Xom
Yredelemnul
Zin
The Shining One

Shops:
D:4 *   D:7 ?*   D:10 !


Innate Abilities, Weirdness & Mutations

You are resistant to damage.
You can heal yourself by infusing magical energy.
You passively map the area around you.
You do not regenerate.


Message History

You hear a splash.
You are too berserk!
You slip free of the water engulfing you.
You gasp with relief as air once again reaches your lungs.
The faun shoots a sling bullet.
The sling bullet hits you but does no damage.
The faun unwields a +0 spear.
The faun wields a +0 hunting sling.
The faun shoots a sling bullet.
The sling bullet hits you.
* * * LOW HITPOINT WARNING * * *
You see here 2 sling bullets.
You slash the water elemental! You freeze the water elemental.
You destroy the water elemental!
Trog accepts your kill.
You slash the faun! You freeze the faun.
You kill the faun!
Trog accepts your kill.
Trog appreciates your killing of a magic user.
The faun shoots a sling bullet.
The sling bullet barely misses you.
The faun shoots a sling bullet.
The sling bullet hits you!
You die...

≈ ≈≈≈.. #...≈≈≈≈≈≈≈≈≈≈≈
≈≈ ≈ , .≈...
##....≈≈≈≈≈≈≈≈≈ ≈
,....[###....c≈≈≈≈≈≈≈≈
≈,
....#.........≈≈≈≈≈≈≈ ,
≈ ,
..#.≈≈......≈≈≈≈≈≈≈,≈,,
, ≈ ≈≈
,.....≈..≈.≈≈≈≈≈≈≈≈.,,*
** ≈
≈.≈≈≈≈≈≈(≈≈≈≈≈≈≈≈≈.,
≈≈≈≈≈≈≈≈(..≈≈≈≈≈≈≈≈. *
≈≈≈≈≈≈≈≈≈.@(≈≈≈≈≈≈≈≈ ,
≈≈≈≈≈≈≈≈.(((≈≈$≈.≈≈ ≈ ≈
≈≈≈..≈≈≈..≈≈≈c[...≈ , ≈
≈......≈≈≈≈≈.##.... ,
≈≈ ≈≈..###...≈≈≈≈..#
##. ≈ ≈≈ ≈ ,
#..≈≈≈≈≈≈≈.# ≈ , *
#.≈≈≈≈≈≈≈≈m≈c ≈ ,
...≈≈≈≈≈≈≈≈≈cc/≈ ≈≈≈≈
≈≈ ≈ ,...≈≈≈≈≈≈≈≈≈≈≈≈ ≈
≈≈


You could see 5 fauns and a water nymph.

Vanquished Creatures
  The ghost of Statics the Black Belt, a journeyman OpTm of Ashenzari (Lair:2)
  2 merfolk impalers (Shoals:1)
  2 hydras
  A two-headed ogre (D:10)
  A sea snake (Shoals:1)
  Pikel (D:8)
  A faun (Shoals:1)
  A manticore (Lair:2)
  2 black mambas (Lair:2)
  5 cane toads
  2 komodo dragons
  3 wind drakes
  Prince Ribbit (D:7)
  A spriggan (Lair:2)
  A wyvern (D:10)
  A vampire (D:10)
  A water elemental (Shoals:1)
  3 basilisks (D:10)
  26 yaks
  A fire elemental (Lair:1)
  4 water moccasins
  3 orc warriors
  4 ice beasts
  2 sky beasts
  A black bear (Lair:1)
  2 phantoms (D:5)
  4 necrophages
  5 ogres
  5 centaurs
  2 big kobolds
  A gnoll sergeant (D:7)
  10 bullfrogs
  A wyvern zombie (D:10)
  4 scorpions
  3 killer bees (D:10)
  8 wights
  5 howler monkeys
  A quasit (D:7)
  8 hounds
  A jelly (D:5)
  3 bullfrog zombies (D:7)
  A centaur skeleton (D:9)
  A gnoll shaman (D:7)
  3 orc priests
  4 iguanas
  10 orc wizards
  9 worker ants
  An ogre zombie (D:6)
  A hound zombie (D:6)
  A hound skeleton (D:5)
  3 worker ant zombies
  14 gnolls (D:7)
  2 gnoll zombies (D:6)
  13 adders
  2 shadow imps (D:5)
  2 ufetubi
  2 adder skeletons (D:4)
  4 worms
  2 dart slugs (D:1)
  4 leopard geckos
  30 orcs
  5 giant cockroaches
  7 goblins
  10 hobgoblins
  14 jackals
  14 kobolds
  9 quokkas
  A ball python (D:6)
  9 bats
  2 frilled lizards
  2 jackal zombies
  2 leopard gecko skeletons (D:7)
  A quokka skeleton (D:5)
  A quokka zombie (D:7)
  4 rats
324 creatures vanquished.

Vanquished Creatures (others)
  A bush (D:7)
  12 fungi
  46 plants
59 creatures vanquished.

Grand Total: 383 creatures vanquished

Notes
Turn   | Place    | Note
-------+----------+-------------------------------------------
     0 | D:1      | Velcatt the Deep Dwarf Berserker began the quest for the
                  | Orb.
     0 | D:1      | Reached XP level 1. HP: 20/20 MP: 1/1
   282 | D:1      | Reached XP level 2. HP: 15/27 MP: 2/2
   925 | D:1      | Found a glowing golden altar of the Shining One.
  1114 | D:1      | Reached skill level 4 in Axes
  1331 | D:2      | Reached XP level 3. HP: 23/34 MP: 3/3
  1408 | D:2      | Reached ** piety under Trog
  1484 | D:2      | Found a broken altar of Ashenzari.
  2578 | D:3      | Reached XP level 4. HP: 34/42 MP: 4/4
  2928 | D:3      | Reached skill level 5 in Axes
  4062 | D:4      | Found Mielymax's General Store.
  4157 | D:4      | Reached XP level 5. HP: 49/49 MP: 5/5
  4207 | D:4      | Found a hazy altar of Hepliaklqana.
  4560 | D:4      | Found a white marble altar of Elyvilon.
  4870 | D:5      | Entered Level 5 of the Dungeon
  4899 | D:5      | Reached *** piety under Trog
  5005 | D:5      | Found a shimmering blue altar of Sif Muna.
  5051 | D:5      | Reached skill level 6 in Axes
  5088 | D:5      | Found a staircase to the Ecumenical Temple.
  5096 | D:5      | Noticed a centaur
  5115 | D:5      | Killed a centaur
  5116 | D:5      | Reached XP level 6. HP: 22/56 MP: 6/6
  5191 | Temple   | Entered the Ecumenical Temple
  5306 | D:5      | Reached skill level 7 in Axes
  5306 | D:5      | Reached XP level 7. HP: 48/63 MP: 7/7
  5452 | D:5      | Found a broken altar of Ashenzari.
  5462 | D:5      | Reached skill level 5 in Armour
  6885 | D:6      | Found a glowing golden altar of the Shining One.
  6947 | D:6      | Reached skill level 1 in Stealth
  6957 | D:6      | Reached XP level 8. HP: 72/72 MP: 8/8
  6963 | D:6      | Reached skill level 8 in Axes
  7182 | D:6      | Found a transporter.
  7215 | D:6      | Reached skill level 9 in Axes
  7233 | D:6      | Gained mutation: You passively map the area around you.
                  | [Deep Dwarf growth]
  7233 | D:6      | Reached XP level 9. HP: 34/80 MP: 9/9
  7240 | D:6      | Reached skill level 5 in Fighting
  7600 | D:6      | Found a transporter.
  7911 | D:6      | Reached skill level 10 in Axes
  8324 | D:6      | Found a hide-covered altar of Uskayaw.
  8324 | D:6      | Found a stormy altar of Qazlal.
  8560 | D:7      | Found Butz's Magic Scroll Shoppe.
  8649 | D:7      | Bought a scroll of enchant weapon for 105 gold pieces
  8712 | D:7      | Found a blossoming altar of Fedhas.
  9042 | D:7      | Noticed Prince Ribbit
  9060 | D:7      | Reached **** piety under Trog
  9184 | D:7      | Killed Prince Ribbit
  9292 | D:7      | Reached skill level 11 in Axes
  9360 | D:7      | Found a radiant altar of Vehumet.
  9719 | D:7      | Reached XP level 10. HP: 55/92 MP: 7/7
  9885 | D:7      | Found Ceesk's Assorted Antiques.
 10455 | D:8      | Noticed Pikel
 10462 | D:8      | Killed Pikel
 10463 | D:8      | Reached skill level 12 in Axes
 10637 | D:8      | Found an ornate altar of the Wu Jian Council.
 10900 | D:8      | Found a sacrificial altar of Ru.
 11170 | D:9      | Found a glowing silver altar of Zin.
 11241 | D:9      | Reached ***** piety under Trog
 12292 | D:10     | Entered Level 10 of the Dungeon
 12330 | D:10     | Reached skill level 1 in Shields
 12401 | D:10     | Found Weuwuisi's Distillery.
 13246 | D:10     | Reached skill level 10 in Armour
 13367 | D:10     | Noticed a two-headed ogre
 13378 | D:10     | Reached XP level 11. HP: 83/100 MP: 8/8
 13382 | D:10     | Killed a two-headed ogre
 13393 | D:10     | Reached skill level 13 in Axes
 13440 | D:10     | Found a staircase to the Lair.
 13569 | D:10     | Received a gift from Trog
 14003 | D:7      | Bought a scroll of enchant armour for 105 gold pieces
 14003 | D:7      | Bought a scroll of identify for 28 gold pieces
 14003 | D:7      | Bought a scroll of identify for 28 gold pieces
 14103 | Lair:1   | Entered Level 1 of the Lair of Beasts
 14225 | Lair:1   | Noticed a five-headed hydra
 14244 | Lair:1   | Killed a 17-headed hydra
 16028 | Lair:2   | Noticed a six-headed hydra
 16033 | Lair:2   | Reached skill level 14 in Axes
 16035 | Lair:2   | Killed a nine-headed hydra
 16036 | Lair:2   | Reached XP level 12. HP: 112/112 MP: 8/8
 16082 | Lair:2   | Found a large runed translucent door.
 16082 | Lair:2   | Found a large runed translucent door.
 16084 | Lair:2   | Noticed Statics's ghost (journeyman OpTm)
 16836 | Lair:2   | Found a staircase to the Shoals.
 17046 | Lair:2   | Killed Statics's ghost
 17102 | Shoals:1 | Entered Level 1 of the Shoals
 17114 | Shoals:1 | Noticed a merfolk impaler
 17130 | Shoals:1 | Killed a merfolk impaler
 17180 | Shoals:1 | Noticed a merfolk impaler
 17182 | Shoals:1 | Reached skill level 1 in Evocations
 17194 | Shoals:1 | Killed a merfolk impaler
 17229 | Shoals:1 | HP: 7/168 [water nymph/the raging water (29)]
 17230 | Shoals:1 | HP: 1/168 [faun/sling bullet (6)]
 17231 | Shoals:1 | Shot with a sling bullet by a faun

Illustrated notes

Levels and vault maps discovered:
D:1:      amcnicky_arrival_feature_with_door, layout_loops_ring, tso_metal_star
D:2:      layout_basic, overflow_temple_1_default
D:3:      layout_basic
D:4:      layout_rooms, kennysheep_mini_moat, kennysheep_mini, serial_shops,
          nicolae_shop_waterfront
D:5:      layout_gridville, overflow_temple_1_default,
          minmay_temple_entry_arrows, amcnicky_altar_gilded
D:6:      gammafunk_cloud_chamber, layout_loops_cross,
          nicolae_overflow_hidden_temple, gammafunk_temple_overflow_wave
D:7:      layout_cave_pools, fedhas_altar_decomposition,
          nicolae_overflow_crystal_walls, serial_gnoll_camp,
          gnoll_camp_mini_shop, gnoll_camp_mini_shop, gnoll_camp_mini_loothouse,
          gnoll_camp_medium_02, minmay_manual_mess, uniq_prince_ribbit1
D:8:      layout_loops_ring, old_standard_altar, kennysheep_little_box,
          kennysheep_decorative_pillar, uniq_pikel
D:9:      layout_basic, zin_treasury, feat_on_display
D:10:     layout_stronghold, minmay_lair_entry_grove, serial_shops,
          nicolae_shop_trees
Temple:   chequers_temple_sunken
Lair:1:   layout_gridlike, serial_bayou_pond_e
Lair:2:   layout_cave_pods, minmay_shoals_entry_beasts,
          ebering_ghost_disaster_area, grunt_forest_large_clearing_hut,
          lemuel_fruit_tree
Shoals:1: layout_shoals, nicolae_shoals_water_shrine

Skill      XL: |  1  2  3  4  5  6  7  8  9 10 11 12 |
---------------+-------------------------------------+-----
Fighting       | 3 4 6 7 8 |  8.7
Axes           | 4 5 6 7 9 11 12 14 | 14.4
Armour         | 3 4 5 7 8 10 11 12 | 12.4
Stealth        | 1 2 3 |  3.2
Dodging        | 3 4 |  4.3
Shields        | 2 3 4 |  4.3
Evocations     | 1 |  1.7

Action                   |  1- 3 |  4- 6 |  7- 9 | 10-12 || total
-------------------------+-------+-------+-------+-------++-------
Melee: Hand axe          |   127 |   169 |   408 |   374 ||  1078
       War axe           |       |       |    50 |    88 ||   138
Invok: Berserk           |     4 |     6 |    12 |    20 ||    42
       Trog's Hand       |     1 |     1 |     6 |     3 ||    11
 Abil: Heal Wounds       |       |     1 |    10 |    12 ||    23
Evoke: Wand              |       |       |       |     1 ||     1
       Tin of tremorston |       |       |       |     1 ||     1
  Use: Scroll            |     2 |     1 |     3 |    17 ||    23
       Potion            |       |       |     3 |     2 ||     5
Armor: Plate armour      |    97 |   121 |   273 |    47 ||   538
       Animal skin       |     6 |       |       |       ||     6
       Chain mail        |       |       |       |   179 ||   179
Dodge: Dodged            |    68 |    67 |   187 |   159 ||   481
Block: Buckler           |       |       |    11 |    64 ||    75
